 Dungeon Crawl Stone Soup version 0.25-a0-339-gb37b713d4c (webtiles) character file.

Game seed: 11066261629110724725, levelgen mode: deterministic

124 Error4North the Covered (level 5, -8/50 HPs)
             Began as a Hill Orc Fighter on Dec 28, 2019.
             Killed by divine providence
             ... invoked by an orc priest
              (14 damage)
             ... on level 3 of the Dungeon.
             The game lasted 00:09:23 (1971 turns).

Error4North the Covered (Hill Orc Fighter)          Turns: 1971, Time: 00:09:27

Health: -8/50      AC: 10    Str: 20    XL:     5   Next: 8%
Magic:  6/6        EV:  5    Int:  8    God:
Gold:   188        SH:  9    Dex: 10    Spells: 6/6 levels left

rFire    . . .     SeeInvis .   a - +0 war axe
rCold    . . .     Gourm    .   c - +0 shield
rNeg     . . .     Faith    .   p - +0 chain mail
rPois    .         Spirit   .   (no helmet)
rElec    .         Reflect  .   (no cloak)
rCorr    .         Harm     .   n - +0 pair of gloves
MR       .....     Rnd*Tele +   (no boots)
Stlth    ..........             (no amulet)
HPRegen  0.16/turn              (no ring)
MPRegen  0.10/turn              (no ring)

@: no status effects
A: robust 1, teleportitis 1
a: Convert to Beogh


You were on level 3 of the Dungeon.
You were not hungry.

You visited 1 branch of the dungeon, and saw 3 of its levels.

You collected 188 gold pieces.

Inventory:

Hand Weapons
 a - a +0 war axe (weapon)
Missiles
 j - 45 stones (quivered)
Armour
 c - a +0 shield (worn)
 n - a +0 pair of gloves (worn)
 p - a +0 chain mail (worn)
Jewellery
 u - an uncursed ring of poison resistance {unknown}
Scrolls
 b - a scroll of fear {unknown}
 e - 2 scrolls of identify {unknown}
 h - 2 scrolls of enchant armour {unknown}
 k - 2 scrolls of remove curse {unknown}
 o - a scroll of noise {unknown}
 s - a scroll of blinking {unknown}
 t - a scroll of immolation {unknown}
Potions
 d - a potion of might
 l - a potion of invisibility {unknown}
 v - a potion of brilliance {unknown}
Comestibles
 f - 4 rations
 g - 3 chunks of flesh


   Skills:
 + Level 3.9 Fighting
 + Level 3.9 Axes
 * Level 4.3 Armour
 + Level 0.2 Dodging
 + Level 0.1 Stealth
 * Level 3.9 Shields
 * Level 1.3 Spellcasting


You had 6 spell levels left.
You didn't know any spells.
Your spell library was empty.

Dungeon Overview and Level Annotations

Branches:
Dungeon (3/15)

Altars:
Ashenzari
Qazlal


Innate Abilities, Weirdness & Mutations

You are robust. (+10% HP)
You are occasionally teleported next to monsters.


Message History

You closely miss the orc priest.
The orc priest hits you but does no damage.
You barely miss the orc priest.
The orc priest hits you but does no damage.
It was a potion of mutation.
You feel extremely strange.
Your bones become slightly less dense.
Your skeletal structure returns to normal.
You feel weirdly uncertain.
You feel robust.
Your shield prevents you from hitting the orc priest.
The orc priest hits you but does no damage.
You completely miss the orc priest.
The orc priest shouts, "Join the one true god or die!"
You block the orc priest's attack.
It was a potion of cancellation.
Your magical effects are unravelling.
You feel magically purged.
You feel yourself slow down.
The orc priest invokes the aid of Beogh against you.
Beogh smites you!
You die...

............#
............#
..).........#
............#
..........o.#
.........#
#.....# #.###
#o@)# ###)###
#### #...#
#... ###.##
#... #..##
#... ##..#
#... ##.##
#... #..##
#... ##..#
#...


You could see an orc priest.

Vanquished Creatures
  4 adders
  3 worms
  3 dart slugs (D:1)
  2 leopard geckos
  3 orcs (D:3)
  4 giant cockroaches
  6 hobgoblins
  4 jackals
  6 kobolds
  3 ball pythons
  9 bats
  5 frilled lizards
  9 goblins
  6 rats
67 creatures vanquished.

Notes
Turn   | Place    | Note
-------+----------+-------------------------------------------
     0 | D:1      | Error4North the Hill Orc Fighter began the quest for the
                  | Orb.
     0 | D:1      | Reached XP level 1. HP: 19/19 MP: 1/1
   134 | D:1      | Reached XP level 2. HP: 27/27 MP: 2/2
   437 | D:1      | Reached XP level 3. HP: 33/33 MP: 3/3
   821 | D:2      | Reached skill level 4 in Armour
   852 | D:2      | Reached skill level 1 in Spellcasting
   856 | D:2      | Reached XP level 4. HP: 32/40 MP: 3/5
   919 | D:2      | Found a stormy altar of Qazlal.
  1687 | D:3      | Found a shattered altar of Ashenzari.
  1953 | D:3      | Reached XP level 5. HP: 25/46 MP: 6/6
  1968 | D:3      | Gained mutation: You have a somewhat thin skeletal
                  | structure. (Dex +2, Stealth) [potion of mutation]
  1968 | D:3      | Lost mutation: You have a somewhat thin skeletal structure.
                  | (Dex +2, Stealth) [potion of mutation]
  1968 | D:3      | Gained mutation: You are occasionally teleported next to
                  | monsters. [potion of mutation]
  1968 | D:3      | Gained mutation: You are robust. (+10% HP) [potion of
                  | mutation]
  1971 | D:3      | Killed from afar by an orc priest

Levels and vault maps discovered:
D:1:      minmay_arrival_solitary_statue, layout_loops_ring, st_stairs_10
D:2:      layout_loops_ring, nicolae_qazlal_general_emergency, kennysheep_nub
D:3:      layout_rooms, lemuel_crystal_altar, nicolae_overflow_crystal_walls,
          fedhas_altar_2

Skill      XL: |  1  2  3 |
---------------+----------+-----
Axes           | 3 |  3.9
Armour         | 4 |  4.3
Spellcasting   | 1 |  1.3
Fighting       | |  3.9
Dodging        | |  0.2
Stealth        | |  0.1
Shields        | |  3.9

Action                   |  1- 3 |  4- 6 || total
-------------------------+-------+-------++-------
Melee: War axe           |    85 |   155 ||   240
Throw: Stone             |       |     2 ||     2
  Use: Potion            |       |     4 ||     4
  Eat: Chunk             |       |     4 ||     4
Armor: Scale mail        |    40 |     1 ||    41
       Chain mail        |       |    84 ||    84
Dodge: Dodged            |    39 |    34 ||    73
Block: Shield            |    48 |    70 ||   118

Table legend:
 A = Non-vault XP
 B = Vault XP
 C = Vault XP percentage of total XP
 D = Non-vault monster count
 E = Vault monster count
 F = Vault count percentage of total count
                 A         B        C        D         E       F
            +---------+---------+-------+---------+---------+-------
      Total |     175 |       3 |   1.7 |      65 |       2 |   3.0
            +---------+---------+-------+---------+---------+-------
        D:1 |      48 |       3 |   5.9 |      27 |       2 |   6.9
        D:2 |      75 |       0 |   0.0 |      20 |       0 |   0.0
        D:3 |      52 |       0 |   0.0 |      18 |       0 |   0.0
            +---------+---------+-------+---------+---------+-------
